 Dungeon Crawl Stone Soup version 0.24.0-13-gcf9b3192b9 (webtiles) character file.

Game seed: 11570834311222751530, levelgen mode: deterministic

9326 grindst0ne the Unseen (level 11, -13/68 HPs)
             Began as an Octopode Assassin on Nov 7, 2019.
             Was a Priest of Dithmenos.
             Mangled by a six-headed hydra (14 damage)
             ... on level 1 of the Lair of Beasts.
             The game lasted 00:33:48 (12880 turns).

grindst0ne the Unseen (Octopode Assassin)          Turns: 12880, Time: 00:33:49

Health: -13/68     AC:  1    Str: 12    XL:     11   Next: 44%
Magic:  11/11      EV: 22    Int: 13    God:    Dithmenos [***...]
Gold:   297        SH:  3    Dex: 23    Spells: 10/10 levels left

rFire    + . .     SeeInvis .   o - +1 dagger (flame)
rCold    . . .     Gourm    .   (no shield)
rNeg     . . .     Faith    .   (helmet restricted)
rPois    +         Spirit   .   g - +3 amulet of reflection
rElec    .         Reflect  +   k - ring of protection from fire
rCorr    .         Harm     .   u - +5 ring of dexterity
MR       .....                  (no ring)
Stlth    ++++++++++             (no ring)
HPRegen  0.21/turn              (no ring)
MPRegen  0.12/turn              (no ring)
                                (no ring)
                                (no ring)

@: hasted, wreathed by umbra, very quick
A: almost no armour, stealthy swim, amphibious, 8 rings, constrict 8, camouflage
1, poison resistance, strong 1, gelatinous body 1
a: Shadow Step, Renounce Religion


You were on level 1 of the Lair of Beasts.
You worshipped Dithmenos.
Dithmenos was most pleased with you.
You were not hungry.

You visited 2 branches of the dungeon, and saw 10 of its levels.

You collected 418 gold pieces.
You spent 121 gold pieces at shops.

Inventory:

Hand Weapons
 a - a +2 dagger
 l - a +0 club
 o - a +1 dagger of flaming (weapon)
 s - a +4 quarterstaff of chaos
Missiles
 b - 66 poisoned darts (quivered)
 c - 2 curare-tipped darts
 v - 13 atropa-tipped darts
 G - a throwing net
Jewellery
 g - a +3 amulet of reflection (around mantle)
 k - a ring of protection from fire (left tentacle)
 u - a +5 ring of dexterity (right tentacle)
 y - an uncursed amulet of the gourmand {unknown}
 K - a cursed ring of attention {unknown}
Wands
 f - a wand of polymorph (19)
 h - a wand of flame (16)
 w - a wand of iceblast (8)
 H - a wand of enslavement (17)
Scrolls
 e - 3 scrolls of immolation
 i - 6 scrolls of enchant weapon {unknown}
 j - 5 scrolls of magic mapping
 m - 6 scrolls of teleportation {unknown}
 n - a scroll of remove curse {unknown}
 p - 2 scrolls of random uselessness
 t - 2 scrolls of fog {unknown}
 x - a scroll of enchant armour {unknown}
 z - a scroll of blinking {unknown}
 I - 2 scrolls of amnesia {unknown}
 J - a scroll of vulnerability {unknown}
Potions
 q - a potion of brilliance
 r - a potion of heal wounds
 A - a potion of ambrosia {unknown}
 D - a potion of haste
Comestibles
 d - 22 rations


   Skills:
 + Level 3.8 Fighting
 - Level 7.0 Short Blades
 - Level 5.0 Throwing
 + Level 9.2 Dodging
 + Level 16.8 Stealth


You had 10 spell levels left.
You didn't know any spells.
Your spell library contained the following spells:

 Spells                   Type           Power        Failure   Level  Hunger
 Beastly Appendage        Tmut           #.....       30%         1    ##.....
 Summon Small Mammal      Summ           #...         30%         1    ##.....
 Call Imp                 Summ           #.......     43%         2    ###....
 Sticks to Snakes         Tmut           #.......     43%         2    ###....
 Call Canine Familiar     Summ           #.......     67%         3    ####...
 Spider Form              Tmut/Pois      #.........   67%         3    ####...
 Summon Guardian Golem    Hex/Summ       #.......     67%         3    ####...
 Ice Form                 Ice/Tmut       #.......     97%         4    #####..
 Leda's Liquefaction      Hex/Erth       #.........   97%         4    #####..
 Summon Ice Beast         Ice/Summ       #.......     97%         4    #####..
 Summon Lightning Spire   Summ/Air       #.......     97%         4    #####..
 Blade Hands              Tmut           #.........   100%        5    ######.
 Bolt of Magma            Conj/Fire/Erth #.........   100%        5    ######.
 Iskenderun's Battlesphe  Conj/Chrm      #.......     100%        5    ######.
 Venom Bolt               Conj/Pois      #.........   100%        5    ######.
 Iron Shot                Conj/Erth      #.........   100%        6    #######
 Statue Form              Tmut/Erth      #........    100%        6    #######
 Orb of Destruction       Conj           #.........   100%        7    #######
 Spellforged Servitor     Conj/Summ      #.........   100%        7    #######
 Shatter                  Erth           #.........   100%        9    #######


Dungeon Overview and Level Annotations

Branches:
Dungeon (9/15)             Temple (0/1) D:7            Lair (1/6) D:9
    Orc: D:9-12

Altars:
Ashenzari
Cheibriados
Dithmenos
Elyvilon
Fedhas
Nemelex Xobeh
Ru

Shops:
D:6 !   D:7 [

Annotations:
D:2 exclusion: 2 downstairs
D:3 exclusion: downstairs
D:8 2 transporters


Innate Abilities, Weirdness & Mutations

You cannot wear most types of armour.
You are very stealthy in the water. (Stealth+)
You are amphibious.
You can wear up to eight rings at the same time.
You can use your tentacles to constrict eight enemies at once.
Your skin changes colour to match your surroundings (Stealth+).
Your rubbery body absorbs attacks. (AC +1, EV +1)
Your system is resistant to poisons. (rPois)
Your muscles are strong. (Str +2)


Message History

The six-headed hydra completely misses you.
The six-headed hydra barely misses you. The six-headed hydra misses you.
The six-headed hydra closely misses you.
The six-headed hydra bites you!
Throwing (i - inventory. (/) - cycle)
b - 67 poisoned darts (quivered)
Press: ? - help, Shift-Dir - straight line, f/p - six-headed hydra
Aim: a six-headed hydra (almost dead, umbra)
You throw a poisoned dart.
The poisoned dart hits the six-headed hydra.
The six-headed hydra is almost dead.
The six-headed hydra misses you. The six-headed hydra bites you!!
* * * LOW HITPOINT WARNING * * *
The six-headed hydra misses you. x2; The six-headed hydra barely misses you.
The six-headed hydra misses you.
Okay, then.
You feel yourself speed up. The six-headed hydra bites you!
* * * LOW HITPOINT WARNING * * *
The six-headed hydra completely misses you.
The six-headed hydra bites you!
You die...

##...# ###....## #.....#
#....# #....#####.....##
##...# #>..............#
#..## #...............#
##..# #...............#
#...## #...............#
##...# #..............###
##...# #...............##
#...## #@########.#......
##.(# #D+........#......
#..## #.+........#......
#...# #.#........#......
#...#####.#...............
#.........#........#......
#.........#....<...+......
#..........####.P###......
##.........................


You could see a six-headed hydra.

Vanquished Creatures
  A hydra (Lair:1)
  A two-headed ogre (D:9)
  An elephant (D:9)
  A black mamba (Lair:1)
  A troll (D:8)
  A queen bee (D:9)
  A hornet (D:9)
  3 hippogriffs
  A spriggan (D:8)
  A basilisk (D:9)
  Edmund (D:4)
  4 water moccasins
  A porcupine (Lair:1)
  3 sky beasts
  An orc warrior (D:6)
  2 ice beasts (D:9)
  A necrophage (D:7)
  5 phantoms
  2 black bears
  6 wolves (Lair:1)
  3 ogres
  4 crocodiles
  A big kobold (D:9)
  7 bullfrogs
  13 killer bees
  2 scorpions
  5 wights (D:9)
  A howler monkey (D:5)
  2 crimson imps (D:6)
  A jelly (D:8)
  4 hounds
  3 bullfrog skeletons
  9 orc priests
  Crazy Yiuf (D:2)
  A centaur skeleton (D:4)
  8 orc wizards
  2 iguanas
  Jessica (D:3)
  Natasha (thrice) (D:3)
  6 worker ants
  2 hound skeletons
  3 worker ant zombies
  4 gnolls
  11 adders
  2 shadow imps
  2 oozes
  An adder skeleton (D:8)
  3 dart slugs
  A leopard gecko (D:1)
  33 orcs
  A ball python (D:3)
  5 goblins
  10 hobgoblins
  12 jackals
  12 kobolds
  2 quokkas
  10 bats
  9 frilled lizards
  A jackal skeleton (D:7)
  A leopard gecko zombie (D:8)
  3 quokka zombies
  6 rats
249 creatures vanquished.

Vanquished Creatures (collateral kills)
  A killer bee (D:9)
1 creature vanquished.

Vanquished Creatures (others)
  A kobold (D:9)
1 creature vanquished.

Grand Total: 251 creatures vanquished

Notes
Turn   | Place    | Note
-------+----------+-------------------------------------------
     0 | D:1      | grindst0ne the Octopode Assassin began the quest for the
                  | Orb.
     0 | D:1      | Reached XP level 1. HP: 14/14 MP: 1/1
    67 | D:1      | Reached XP level 2. HP: 13/19 MP: 2/2
   190 | D:1      | Reached skill level 6 in Stealth
   655 | D:1      | Reached XP level 3. HP: 18/24 MP: 3/3
   899 | D:2      | Reached skill level 7 in Stealth
  1455 | D:2      | Reached XP level 4. HP: 29/29 MP: 4/4
  1512 | D:2      | Reached skill level 8 in Stealth
  1588 | D:2      | Found a runed translucent door.
  1589 | D:2      | Noticed Crazy Yiuf
  1599 | D:2      | Killed Crazy Yiuf
  1977 | D:3      | Noticed Natasha
  1984 | D:3      | Reached XP level 5. HP: 18/34 MP: 5/5
  2215 | D:3      | Noticed Jessica
  2219 | D:3      | Reached skill level 9 in Stealth
  2279 | D:3      | Found a blossoming altar of Fedhas.
  2301 | D:3      | Found a shadowy altar of Dithmenos.
  2551 | D:3      | Killed Jessica
  2584 | D:3      | Became a worshipper of Dithmenos the Shadowed
  2909 | D:3      | Killed Natasha
  2909 | D:3      | Reached skill level 10 in Stealth
  2909 | D:3      | Reached XP level 6. HP: 35/39 MP: 6/6
  2975 | D:3      | Noticed Natasha
  2980 | D:3      | Killed Natasha
  3067 | D:3      | Noticed Natasha
  3074 | D:3      | Killed Natasha
  3151 | D:4      | Noticed a phantom
  3906 | D:4      | Killed a phantom
  3906 | D:4      | Reached skill level 11 in Stealth
  3906 | D:4      | Reached XP level 7. HP: 15/45 MP: 7/7
  4286 | D:4      | Noticed Edmund
  4290 | D:4      | Killed Edmund
  4290 | D:4      | Reached skill level 12 in Stealth
  4535 | D:5      | Entered Level 5 of the Dungeon
  4900 | D:5      | Reached * piety under Dithmenos
  5027 | D:5      | Reached XP level 8. HP: 50/50 MP: 8/8
  5474 | D:6      | Reached skill level 13 in Stealth
  5621 | D:6      | Found Ynnix's Distillery.
  5706 | D:6      | Gained mutation: Your system is resistant to poisons.
                  | (rPois) [potion of mutation]
  5706 | D:6      | Gained mutation: Your muscles are strong. (Str +2) [potion
                  | of mutation]
  5712 | D:6      | HP: 2/50 [poisoned by an orc]
  5713 | D:6      | Bought a potion of curing for 33 gold pieces
  5944 | D:6      | Bought a potion of heal wounds for 55 gold pieces
  5944 | D:6      | Bought a potion of curing for 33 gold pieces
  6575 | D:6      | Reached XP level 9. HP: 50/54 MP: 9/9
  6726 | D:6      | Found a sparkling altar of Nemelex Xobeh.
  7031 | D:7      | Found a staircase to the Ecumenical Temple.
  7051 | D:7      | Found Bofo's Armour Shoppe.
  7078 | D:7      | Reached skill level 5 in Short Blades
  7641 | D:7      | Reached skill level 14 in Stealth
  7781 | D:7      | Reached skill level 5 in Dodging
  7823 | D:7      | Reached ** piety under Dithmenos
  8424 | D:8      | Noticed a troll
  8438 | D:8      | Killed a troll
  8497 | D:8      | Found a white marble altar of Elyvilon.
  8519 | D:8      | Reached XP level 10. HP: 29/60 MP: 10/10
  8535 | D:8      | Found a shattered altar of Ashenzari.
  8536 | D:8      | Found a snail-covered altar of Cheibriados.
  8762 | D:8      | Found a transporter.
  8763 | D:8      | Noticed a yaktaur captain
  8993 | D:8      | Found a transporter.
  9052 | D:8      | Reached skill level 15 in Stealth
  9414 | D:9      | Reached *** piety under Dithmenos
  9732 | D:9      | Found a staircase to the Lair.
  9733 | D:9      | Noticed an elephant
  9898 | D:9      | Noticed a two-headed ogre
 10345 | D:9      | Found a sacrificial altar of Ru.
 10670 | D:9      | Killed an elephant
 10670 | D:9      | Reached skill level 5 in Throwing
 11001 | D:9      | Killed a two-headed ogre
 11001 | D:9      | Reached skill level 16 in Stealth
 11001 | D:9      | Reached XP level 11. HP: 14/64 MP: 11/11
 11637 | Lair:1   | Entered Level 1 of the Lair of Beasts
 11744 | Lair:1   | Noticed a seven-headed hydra
 11780 | Lair:1   | HP: 3/66 [wolf (1)]
 11781 | Lair:1   | Reached **** piety under Dithmenos
 12146 | Lair:1   | Killed a seven-headed hydra
 12813 | Lair:1   | Noticed a six-headed hydra
 12880 | Lair:1   | HP: 1/68 [six-headed hydra (9)]
 12880 | Lair:1   | Mangled by a six-headed hydra

Levels and vault maps discovered:
D:1:      dpeg_arrival_short_road, layout_loops_ring
D:2:      layout_loops_cross, serial_forest, infiniplex_forest_clump_long,
          infiniplex_forest_zigzag_1, infiniplex_forest_zigzag_1,
          infiniplex_forest_lined_3_way, infiniplex_forest_end_2,
          infiniplex_forest_clump_small, infiniplex_forest_straight_2,
          minmay_pentomino_r4, uniq_crazy_yiuf_cottage
D:3:      layout_rooms, grunt_dithmenos_smoke, hangedman_glass_teeth,
          fedhas_altar_1, uniq_jessica, uniq_natasha
D:4:      layout_cave_pools, uniq_edmund
D:5:      layout_basic, first_ration
D:6:      layout_cave_pools, serial_shops, shop, nemelex_diamond_rough_becter
D:7:      layout_loops_corners, minmay_temple_entry_crystal_x, serial_shops,
          nicolae_shop_trees, serial_bayou_crossing
D:8:      layout_cave_pools, gammafunk_temple_overflow_arena, grunt_pizzeria
D:9:      layout_loops_ring, david_lair_generic, special_room
          [special_room_bee], nicolae_ru_great_annihilating_truth
Lair:1:   layout_chaotic_city

Skill      XL: |  1  2  3  4  5  6  7  8  9 10 11 |
---------------+----------------------------------+-----
Stealth        | 6 7 8 10 11 12 13 14 16 | 16.8
Dodging        | 2 4 6 8 9 |  9.2
Short Blades   | 4 6 7 |  7.0
Throwing       | 5 |  5.0
Fighting       | 3 |  3.8

Action                   |  1- 3 |  4- 6 |  7- 9 | 10-12 || total
-------------------------+-------+-------+-------+-------++-------
Melee: Dagger            |    61 |   100 |   239 |   273 ||   673
       Constrict         |    14 |    17 |    34 |    42 ||   107
       Tentacles         |     5 |    17 |    61 |    83 ||   166
Throw: Dart              |     3 |    44 |    33 |    82 ||   162
Evoke: Wand              |       |       |       |    18 ||    18
  Use: Potion            |       |     5 |     3 |     9 ||    17
       Scroll            |       |     4 |     2 |     1 ||     7
 Stab: Sleeping          |    19 |    13 |    34 |    21 ||    87
       Distracted        |       |     1 |     1 |     1 ||     3
       Paralysed         |       |       |       |     1 ||     1
  Eat: Chunk             |     2 |     7 |    11 |    10 ||    30
       Ration            |       |       |     1 |     1 ||     2
Armor: Skin              |     6 |    11 |     4 |     6 ||    27
Dodge: Dodged            |    26 |    45 |   101 |   252 ||   424
Block: Other             |       |       |    20 |    26 ||    46
       Reflection        |       |       |     1 |     2 ||     3
